 Zot Defence DCSS version 0.15-a0-2102-gacb6860 (webtiles) character file.

408 N00bl0rd the Skirmisher (level 6, 15/27 (39) HPs)
             Began as a Gargoyle Fighter on July 15, 2014.
             Was an Initiate of Okawaru.
             Quit the game in the Realm of Zot (Scenario I: Hall of Zot).
             The game lasted 00:05:20 (649 turns).

N00bl0rd the Skirmisher (Gargoyle Fighter)           Turns: 649, Time: 00:05:20

HP  15/27 (39)   AC 11     Str 22      XL: 6   Next: 88%
MP   6/6         EV  7     Int  8      God: Okawaru [......]
Gold 0           SH  9     Dex  9      Spells:  0 memorised,  5 levels left

rFire  . . .     SeeInvis .     a - +0 war axe
rCold  . . .     Clarity  .     b - +0 scale mail
rNeg   + . .     rCorr    .     c - +0 shield
rPois  +         rRot     +     (no helmet)
rElec  +         Spirit   .     (no cloak)
SustAb .         Warding  .     (no gloves)
rMut   .         Stasis   .     (no boots)
Gourm  .                        (no amulet)
MR     .....                    (no ring)
                                (no ring)

@: not resistant to hostile enchantments, extremely unstealthy
A: negative energy resistance 1, electricity resistance, unbreathing,
petrification resistance, rot immunity, AC +4
a: Make oklob sapling, Make arrow trap, Make plant, Remove Curse, Make burning
bush, Make altar, Make grenades, Renounce Religion


You were in the Realm of Zot.
You worshipped Okawaru.
Okawaru was noncommittal.
You were not hungry.

You visited 1 branch

Inventory:

Hand weapons
 a - a +0 war axe (weapon)
Armour
 b - a +0 scale mail (worn)
 c - a +0 shield (worn)
Comestibles
 f - a bread ration
Scrolls
 k - a scroll of blinking
Potions
 d - 3 potions of curing
 e - a potion of might
 g - a potion of heal wounds
 h - a potion of haste
 i - 2 potions of magic
 j - a potion of berserk rage


   Skills:
 + Level 4.4 Fighting
 * Level 3.8 Axes
 + Level 4.3 Armour
 * Level 2.3 Dodging
 + Level 4.4 Shields


You had 5 spell levels left.
You didn't know any spells.

Dungeon Overview and Level Annotations

Branches:
    Zot (1/1)

Altars:
Okawaru


Innate Abilities, Weirdness & Mutations

You are resistant to torment.
You are immune to poison.
Your stone body is very resilient (AC +4).
You resist negative energy.
You are resistant to electric shocks.
You can survive without breathing.
You are immune to petrification.
You are immune to rotting.


Message History

Your oklob sapling spits acid at Zymier.
The splash of acid hits Zymier.
Zymier appears unharmed.
Your flesh rots away as the Orb of Zot is desecrated. x2
Your scale mail prevents you from hitting Zymier.
Zymier is almost dead.
Your flesh rots away as the Orb of Zot is desecrated. x3
Unknown command.
Your flesh rots away as the Orb of Zot is desecrated.
You slash Zymier!
You kill Zymier!
Okawaru accepts your kill.
Unknown command.
There is an iron altar of Okawaru, spattered with blood here.
Things that are here:
3 stones; the Orb of Zot Save game and exit?
Welcome back, N00bl0rd the Gargoyle Fighter.
Okawaru says: Bring me glory in combat!
Press ? for a list of commands and other information.
Are you sure you want to abandon this character and quit the game? (Confirm with "yes".)

▓▓▓▓▓▓▓▓ ▓▓▓▓▓▓▓▓ ....▓▓▓▓
▓▓▓▓.... .......▓▓▓ ▓▓▓.......
.........▓▓ ▓▓.........
..........▓ ▓▓▓▓▓▓▓▓▓ ▓..........
..........▓▓▓...P...▓▓▓..........
..........▓▓...[.....▓▓..........
..........▓......)....▓..........
..........).)..[@).%%[...........
.........)▓......[....▓..........
..........▓▓.........▓▓..........
..........▓▓▓.......▓▓▓..........
..........# ▓▓▓▓▓▓▓▓▓ #..........
.........## ##.........
.......### ###....... ....####
####.... ######### #########


You could see a friendly oklob sapling.

Vanquished Creatures
  A giant frog (Zot)
  An iguana (Zot)
  An orc wizard (Zot)
  Jessica (Zot)
  5 oozes (Zot)
  2 bats (Zot)
  A giant cockroach (Zot)
  A hobgoblin (Zot)
  5 giant newts (Zot)
  3 goblins (Zot)
  2 kobolds (Zot)
  5 rats (Zot)
28 creatures vanquished.

Vanquished Creatures (collateral kills)
  A hound (Zot)
  An adder (Zot)
  A worm (Zot)
  3 orcs (Zot)
  A bat (Zot)
  A giant cockroach (Zot)
  2 goblins (Zot)
  A hobgoblin (Zot)
  2 kobolds (Zot)
  2 quokkas (Zot)
  2 ball pythons (Zot)
  3 giant newts (Zot)
  5 rats (Zot)
25 creatures vanquished.

Grand Total: 53 creatures vanquished

Notes
Turn   | Place    | Note
--------------------------------------------------------------
     0 | Zot      | N00bl0rd, the Gargoyle Fighter, began the quest for the Orb.
     0 | Zot      | Reached XP level 1. HP: 14/14 MP: 1/1
   206 | Zot      | Reached XP level 2. HP: 14/19 MP: 2/2
   226 | Zot      | Noticed Uhyrian
   236 | Zot      | Killed Uhyrian the hound
   236 | Zot      | Reached skill level 4 in Fighting
   236 | Zot      | Reached skill level 1 in Dodging
   236 | Zot      | Reached XP level 3. HP: 7/24 MP: 3/3
   236 | Zot      | Reached XP level 4. HP: 8/29 MP: 4/4
   351 | Zot      | Reached XP level 5. HP: 18/33 MP: 5/5
   487 | Zot      | Reached XP level 6. HP: 34/39 MP: 6/6
   489 | Zot      | Became a worshipper of Warmaster Okawaru
   538 | Zot      | Noticed Jessica
   549 | Zot      | Killed Jessica
   649 | Zot      | Quit the game

Action                   |  1- 3 |  4- 6 || total
-------------------------+-------+-------++-------
Melee: War axe           |    24 |    47 ||    71
 Abil: Make oklob saplin |     1 |       ||     1
       Make altar        |       |     1 ||     1
 Stab: Distracted        |       |     1 ||     1
